 Dungeon Crawl Stone Soup version bcrawl-1.28.1b (webtiles) character file.

Game seed: 470502264260138135

187812 Morbidden the Gusty (level 5, -3/32 HPs)
             Began as a Fairy Air Elementalist on Dec 20, 2020.
             Slain by a bullfrog skeleton (9 damage)
             ... on level 3 of the Dungeon.
             The game lasted 00:03:11 (1785 turns).

Morbidden the Gusty (Fairy Air Elementalist)        Turns: 1785, Time: 00:03:11

Health: -3/32      AC:  5    Str:  6    XL:     5   Next: 50%
Magic:  13/13      EV: 16    Int: 20    God:
Gold:   153        SH:  4    Dex: 12    Spells: 3/13 levels left

rFire    . . .     SeeInvis .   m - +0 short sword (venom)
rCold    . . .     Gourm    .   (shield restricted)
rNeg     . . .     Faith    .   (armour unavailable)
rPois    .         Spirit   .   (no helmet)
rElec    +         Reflect  .   (no cloak)
rCorr    .         Harm     .   (no gloves)
MR       .....                  n - +0 pair of boots
Stlth    +.........             g - amulet of the acrobat
HPRegen  0.10/turn              a - ring of insulation
MPRegen  0.13/turn              (no ring)

@: flying evasively
A: small, magic attunement, unstealthy, unfitting armour, able to fly, AC/SH +4
a: Stop Flying


You were on level 3 of the Dungeon.
You were not hungry.

You visited 1 branch of the dungeon, and saw 3 of its levels.

You collected 153 gold pieces.

Inventory:

Hand Weapons
 m - a +0 short sword of venom (weapon)
Armour
 n - a +0 pair of boots (worn)
Jewellery
 a - a ring of insulation (left hand)
 g - an amulet of the acrobat (around neck)
Scrolls
 d - a scroll of fear {unknown}
 f - 3 scrolls of remove curse {unknown}
 h - 2 scrolls of amnesia {unknown}
 i - a scroll of teleportation {unknown}
 l - a scroll of magic mapping {unknown}
 p - a scroll of identify
Potions
 b - 2 potions of flight
 j - 2 potions of haste {unknown}
 k - a potion of curing {unknown}
 o - a potion of might {unknown}
Comestibles
 e - 4 rations {!d}


   Skills:
 * Level 0.7 Fighting
 * Level 3.0 Dodging
 + Level 1.7 Stealth
 * Level 4.5 Spellcasting
 * Level 2.6 Conjurations
 * Level 5.2 Air Magic


You had 3 spell levels left.
You knew the following spells:

 Your Spells              Type           Power        Failure   Level  Hunger
a - Shock                 Conj/Air       ###..        2%          1    None
b - Static Discharge      Air            ####....     4%          3    None
c - Airstrike             Air            ####......   14%         4    None
z - Swiftness             Chrm/Air       ###.....     6%          2    None

Your spell library contained the following spells:

 Spells                   Type           Power        Failure   Level  Hunger
 Lightning Bolt           Conj/Air       ###.......   54%         5    None


Dungeon Overview and Level Annotations

Branches:
Dungeon (3/12)

Altars:


Innate Abilities, Weirdness & Mutations

Your spells do not cause hunger and MP costs are reduced by 1.
Your bright wings attract enemies. (Stealth-)
You cannot fit into any form of body armour.
Your shimmering scales are hard and can block incoming attacks. (AC +4, SH +4)
You are small and have problems with some larger weapons.
You can fly continuously.


Message History

Press: ? - help, Shift-Dir - straight line The zap hits the bullfrog skeleton.
The bullfrog skeleton resists.
The bullfrog skeleton is severely damaged.
The zap hits the bullfrog skeleton.
The bullfrog skeleton completely resists.
The bullfrog skeleton is severely damaged.
The bullfrog skeleton closely misses you.
The bullfrog skeleton hits you!
* * * LOW HITPOINT WARNING * * *
Casting: Shock (safe; 2% risk of failure)
Confirm with . or Enter, or press ? or * to list all spells.
Aiming: Shock (safe; 2% risk of failure)
Press: ? - help, Shift-Dir - straight line The zap hits the bullfrog skeleton.
The bullfrog skeleton resists.
The bullfrog skeleton is severely damaged.
The zap hits the bullfrog skeleton.
The bullfrog skeleton completely resists.
The bullfrog skeleton is severely damaged.
The bullfrog skeleton hits you!
You die...

.#
.....##...##.##.#...#.#
.
#...#.##.......#.#...#.#
#####.##.......#.###.#.#
.............###.#.#
####.##.###.........#.#
.....##.###.#รท..###.#
................#####.
#...###.###.##........#
#.....@##.###########
.#...#Z###.#
#.....#<###.#
..........#.#
............#
...........##
....###.##.# .... #.##.#
..# #....#


You could see a bullfrog skeleton.

Vanquished Creatures
  A worker ant (D:2)
  4 gnolls (D:2)
  2 adders (D:3)
  2 oozes (D:1)
  A worm (D:2)
  3 dart slugs
  7 leopard geckos
  3 ball pythons (D:1)
  9 bats
  2 giant cockroaches
  4 goblins
  12 hobgoblins
  A quokka (D:2)
  4 frilled lizards
  7 kobolds
  3 rats
65 creatures vanquished.

Notes
Turn   | Place    | Note
-------+----------+-------------------------------------------
     0 | D:1      | Morbidden the Fairy Air Elementalist began the quest for
                  | the Orb.
     0 | D:1      | Reached XP level 1. HP: 11/11 MP: 6/6
    32 | D:1      | Reached skill level 4 in Air Magic
    47 | D:1      | Reached XP level 2. HP: 17/17 MP: 7/7
    50 | D:1      | Learned a level 2 spell: Swiftness
   160 | D:1      | Reached XP level 3. HP: 21/21 MP: 9/9
   701 | D:2      | Learned a level 3 spell: Static Discharge
   736 | D:2      | Reached XP level 4. HP: 27/27 MP: 8/11
   969 | D:2      | Learned a level 4 spell: Airstrike
  1015 | D:2      | Reached skill level 5 in Air Magic
  1042 | D:2      | Reached XP level 5. HP: 25/32 MP: 7/13
  1785 | D:3      | Slain by a bullfrog skeleton

Skill      XL: |  1  2  3  4  5 |
---------------+----------------+-----
Air Magic      | 4 5 |  5.2
Spellcasting   | 3 4 |  4.5
Conjurations   | 2 |  2.6
Dodging        | 3 |  3.0
Fighting       | |  0.7
Stealth        | |  1.7

Action                   |  1- 3 |  4- 6 || total
-------------------------+-------+-------++-------
Melee: Short sword       |       |     6 ||     6
 Cast: Shock             |    74 |    51 ||   125
       Static Discharge  |     1 |    26 ||    27
  Use: Scroll            |     1 |       ||     1
  Eat: Chunk             |       |     3 ||     3
Armor: Skin              |       |     8 ||     8
Dodge: Dodged            |    13 |    58 ||    71
Block: Other             |     3 |    10 ||    13
